 Dungeon Crawl Stone Soup version 0.16.1-51-g6203257 (webtiles) character file.

106 poirepourri the Chopper (level 4, 0/63 HPs)
             Began as a Deep Dwarf Berserker on Aug 4, 2015.
             Was a Follower of Trog.
             Slain by Arnot's ghost (14 damage)
             ... on level 3 of the Dungeon.
             The game lasted 00:04:33 (1518 turns).

poirepourri the Chopper (Deep Dwarf Berserker)      Turns: 1518, Time: 00:04:34

Health: 0/63       AC:  2    Str: 26    XL:     4   Next: 55%
Magic:  4/4        EV: 13    Int:  8    God:    Trog [*.....]
Gold:   105        SH:  0    Dex: 12    Spells: 0 memorised, 3 levels left

rFire  . . .     SeeInvis .     h - -2 hand axe (curse)
rCold  . . .     Clarity  .     b - +0 animal skin
rNeg   . . .     SustAb   .     (no shield)
rPois  .         Gourm    .     (no helmet)
rElec  .         Spirit   .     (no cloak)
rCorr  .         Warding  .     (no gloves)
rMut   .         Stasis   .     (no boots)
MR     .....                    (no amulet)
Stlth  ..........               (no ring)
                                f - ring of loudness (curse)

@: berserking (expiring), non-regenerating, very quick, not resistant to hostile
enchantments, extremely unstealthy
A: damage resistance, recharge devices, sense surroundings 1, slow healing 3
a: Device Recharging, Burn Spellbooks, Berserk, Renounce Religion


You were on level 3 of the Dungeon.
You worshipped Trog.
Trog was aware of your devotion.
You were not hungry.

You visited 1 branch of the dungeon, and saw 3 of its levels.

You collected 105 gold pieces.

Inventory:

Hand weapons
 a - a +1 hand axe
 h - a cursed -2 hand axe (weapon)
Armour
 b - a +0 animal skin (worn)
 j - a +0 scale mail
 l - a +0 chain mail
Jewellery
 f - a cursed ring of loudness (left hand)
Magical devices
 c - a wand of heal wounds (2)
Scrolls
 e - a scroll of teleportation
 k - 3 scrolls of identify
Potions
 i - a potion of brilliance
Comestibles
 d - 2 bread rations
 m - a slice of pizza


   Skills:
 * Level 3.5 Fighting
 + Level 4.0 Axes
 + Level 2.3 Armour
 + Level 3.8 Dodging


You had 3 spell levels left.
You didn't know any spells.

Dungeon Overview and Level Annotations

Branches:
Dungeon (3/15)

Altars:

Annotations:
D:3 Arnot's ghost, average HOFi


Innate Abilities, Weirdness & Mutations

You are resistant to damage.
You can recharge devices by infusing magical energy.
You passively map a small area around you.
You do not heal naturally.


Message History

Arnot's ghost barely misses you.
You hit Arnot's ghost but do no damage.
Arnot's ghost is lightly damaged.
Arnot's ghost hits you!
You hit Arnot's ghost but do no damage.
Arnot's ghost is lightly damaged.
Arnot's ghost hits you!
* * * LOW HITPOINT WARNING * * *
You hit Arnot's ghost.
Arnot's ghost is lightly damaged.
You are too berserk!
You are too berserk!
You slash Arnot's ghost!
Arnot's ghost is moderately damaged.
Arnot's ghost hits you.
* * * LOW HITPOINT WARNING * * *
You slash Arnot's ghost!
Arnot's ghost is heavily damaged.
Arnot's ghost hits you!
You die...

*,* #........######## *,*
###...............# *,*
#..........######.# *,*
#.#......#.# *,* *,* #.#.....##.#
*,* *****.###.#..>.....# *,*
*,,,,.<.......###### ***,****
*,***########.# *,,*,,,* *,* #@#
**,***,,* *,* ##W## *,** **,* *,*
*#...#* **,***,,* **,***
*#..!..#* *,,*,,,*
***,,*,*****#.......#* **,,,,,,*
*,,,,,,,,,*#.........#***,,,**,**
*,,,,,,,,,,+.........'%,,,,,,,,,,
*,***,,,*,*#.........##**,,,,,,**
*,* *,,**,*##.......## **,,****


You could see Arnot's ghost.

Vanquished Creatures
  A worker ant (D:3)
  2 adders (D:2)
  A gnoll (D:2)
  A worm (D:2)
  4 giant geckos
  An ooze (D:2)
  4 orcs (D:3)
  4 bats
  2 hobgoblins
  2 ball pythons
  2 giant cockroaches
  4 giant newts
  7 goblins
  3 jackals (D:1)
  5 kobolds
  3 rats
46 creatures vanquished.

Notes
Turn   | Place    | Note
--------------------------------------------------------------
     0 | D:1      | poirepourri, the Deep Dwarf Berserker, began the quest for the Orb.
     0 | D:1      | Reached XP level 1. HP: 20/20 MP: 1/1
   250 | D:1      | Reached XP level 2. HP: 20/28 MP: 2/2
   567 | D:2      | Reached XP level 3. HP: 23/34 MP: 3/3
   629 | D:2      | Reached skill level 4 in Axes
   772 | D:2      | Acquired Trog's second power
  1269 | D:3      | Reached XP level 4. HP: 18/42 MP: 4/4
  1500 | D:3      | Noticed Arnot's ghost (average HOFi)
  1518 | D:3      | Slain by Arnot's ghost

Action                   |  1- 3 |  4- 6 || total
-------------------------+-------+-------++-------
Melee: Hand axe          |   120 |    52 ||   172
Invok: Berserk           |     2 |     2 ||     4
       Burn Spellbooks   |     1 |       ||     1
       Trog's Hand       |       |     1 ||     1
Evoke: Wand              |     3 |       ||     3
  Use: Scroll            |     5 |       ||     5
       Potion            |     1 |     5 ||     6
  Eat: Bread ration      |     1 |       ||     1
       Beef jerky        |       |     1 ||     1
